 Dungeon Crawl Stone Soup version 0.25-b1-23-ge2ad7d536c (webtiles) character file.

Game seed: 15368528396732543826, levelgen mode: deterministic

16 lepoulpe303 the Vexing (level 2, -2/16 HPs)
             Began as a Kobold Arcane Marksman on May 28, 2020.
             Slain by an adder (4 damage)
             ... on level 2 of the Dungeon.
             The game lasted 00:04:21 (1071 turns).

lepoulpe303 the Vexing (Kobold Arcane Marksman)     Turns: 1071, Time: 00:04:22

Health: -2/16      AC:  2    Str:  7    XL:     2   Next: 75%
Magic:  1/4        EV: 15    Int: 14    God:
Gold:   27         SH:  0    Dex: 15    Spells: 0/3 levels left

rFire    . . .     SeeInvis .   b - +0 hand crossbow
rCold    . . .     Gourm    .   (shield restricted)
rNeg     . . .     Faith    .   f - +0 robe
rPois    .         Spirit   .   (no helmet)
rElec    .         Reflect  .   (no cloak)
rCorr    .         Harm     .   (no gloves)
MR       .....                  (no boots)
Stlth    +.........             (no amulet)
HPRegen  0.05/turn              (no ring)
MPRegen  0.09/turn              (no ring)

@: lethally poisoned (-2 -> -5)
A: small, carnivore
a: no special abilities


You were on level 2 of the Dungeon.
You were very full.

You visited 1 branch of the dungeon, and saw 2 of its levels.

You collected 27 gold pieces.

Inventory:

Hand Weapons
 a - a +0 dagger
 b - a +0 hand crossbow (weapon)
Missiles
 Q - 11 bolts (quivered)
Armour
 f - a +0 robe (worn)
Scrolls
 c - 2 scrolls of enchant armour {unknown}
 d - a scroll of identify {unknown}
 h - a scroll of magic mapping {unknown}
 j - 2 scrolls of amnesia {unknown}
 k - a scroll of remove curse {unknown}
Potions
 g - a potion of flight {unknown}
 i - a potion of might {unknown}
 l - a potion of curing {unknown}
Comestibles
 e - 5 rations


   Skills:
 + Level 1.3 Fighting
 * Level 2.9 Crossbows
 + Level 2.6 Dodging
 + Level 1.4 Spellcasting
 * Level 3.2 Hexes


You couldn't memorise any spells.
You knew the following spells:

 Your Spells              Type           Power        Failure   Level  Hunger
s - Slow                  Hex            ##......     10%         2    ###....
v - Corona                Hex            ##.....      7%          1    ##.....

Your spell library contained the following spells:

 Spells                   Type           Power        Failure   Level  Hunger
 Inner Flame              Hex/Fire       #.......     36%         3    ####...
 Portal Projectile        Hex/Tloc       #.....       36%         3    ####...
 Cause Fear               Hex            ##........   54%         4    #####..
 Leda's Liquefaction      Hex/Erth       #.........   78%         4    #####..


Dungeon Overview and Level Annotations

Branches:
Dungeon (2/15)

Altars:


Innate Abilities, Weirdness & Mutations

You are small and have problems with some larger weapons.
You are carnivorous and can eat meat at any time.


Message History

Aim: an adder (heavily wounded, softly glowing)
You shoot a bolt. The bolt hits the adder.
You feel sick. The adder completely misses you.
Your magical contamination has completely faded away.
You take 1 damage, and have 8/16 hp.
Firing (i - inventory)
Q - 13 bolts (quivered)
Aim: an adder (severely wounded, softly glowing)
You shoot a bolt. The bolt barely misses the adder.
The adder bites you.
* * * LOW HITPOINT WARNING * * *
The adder closely misses you.
You take 5 damage, and have 3/16 hp.
MASSIVE DAMAGE!!
Firing (i - inventory)
Q - 12 bolts (quivered)
Aim: an adder (severely wounded, softly glowing)
You shoot a bolt.
The bolt hits the adder but does no damage.
* * * LOW HITPOINT WARNING * * *
You feel sick.
The adder stops glowing.
The adder closely misses you. The adder bites you.
You die...

## #.. #.#
#.# #.# #.#
#
###.##.##?.
#<.........
###@######
#.S......
#.#######
###


You could see an adder.

Levels and vault maps discovered:
D:1:      lemuel_arrival_behind_the_door_small, layout_loops_cross
D:2:      wad_crossroads, layout_basic, minitemple, first_ration

Notes
Turn   | Place    | Note
-------+----------+-------------------------------------------
     0 | D:1      | lepoulpe303 the Kobold Arcane Marksman began the quest for
                  | the Orb.
     0 | D:1      | Reached XP level 1. HP: 12/12 MP: 2/2
    50 | D:1      | Identified a +0 dagger
   140 | D:1      | Reached XP level 2. HP: 13/16 MP: 3/3
   147 | D:1      | Learned a level 2 spell: Slow
   564 | D:1      | Identified a +0 club
  1051 | D:2      | Identified a +0 hand crossbow
  1070 | D:2      | HP: 3/16 [adder (5)]
  1071 | D:2      | Slain by an adder

Table legend:
 A = Turns spent in this place as a percentage of turns spent in the entire game.
 B = Non-inter-level travel turns spent in this place as a percentage of non-inter-level travel turns spent in the entire game.
 C = Inter-level travel turns spent in this place as a percentage of turns spent in this place.
 D = Turns resting spent in this place as a percentage of non-inter-level travel turns spent in this place.
 E = Turns spent auto-exploring this place as a percentage of non-inter-level travel turns spent in this place.
 F = Non-inter-level travel turns spent in this place divided by the number of levels of this place that you've seen.
                   A       B       C       D       E      F
               +-------+-------+-------+-------+-------+----------------------
         Total | 100.0 | 100.0 |   4.9 |  27.2 |  46.2 | 509.5
       Dungeon | 100.0 | 100.0 |   4.9 |  27.2 |  46.2 | 509.5
               +-------+-------+-------+-------+-------+----------------------

Table legend:
 A = Kills in this place as a percentage of kills in entire the game.
 B = Kills by you in this place as a percentage of kills by you in the entire game.
 C = Kills by friends in this place as a percentage of kills by friends in the entire game.
 D = Other kills in this place as a percentage of other kills in the entire game.
 E = Experience gained in this place as a percentage of experience gained in the entire game.
 F = Experience gained in this place divided by the number of levels of this place that you have seen.
                   A       B       C       D       E      F
               +-------+-------+-------+-------+-------+----------------------
         Total | 100.0 | 100.0 |   N/A |   N/A | 100.0 |  12.0
       Dungeon | 100.0 | 100.0 |   N/A |   N/A | 100.0 |  12.0
               +-------+-------+-------+-------+-------+----------------------

Action                   || total
-------------------------++-------
Melee: Dagger            ||   108
 Fire: Hand crossbow     ||    27
 Cast: Corona            ||     5
  Eat: Chunk             ||     8
Armor: Robe              ||    33
Dodge: Dodged            ||   128

Vanquished Creatures
  2 giant cockroaches (D:1)
  A goblin (D:1)
  4 kobolds (D:1)
  5 bats (D:1)
  2 frilled lizards (D:1)
  3 rats (D:1)
17 creatures vanquished.
